cohdb
Replays
Latest Replays
All Replays
Popular Replays
Top Player Replays
Match Explorer
How It Works
Community
CoH3 Stats
Reddit
Sign in to upload your games and track your stats! →
Sign in with Steam
Match 46165699
Unlisted
Match 46165699
Overview
Messages
Build Orders
End
Pioneer Squad
Construct Infanterie Kompanie
MG 42 Machine Gun Team
Grenadier Squad
Grenadier Squad
Construct Luftwaffe Kompanie
Selects Mechanized Battlegroup
Selects Raid Package
Jäger Squad
Medical Station
Jäger Squad
Luftwaffe Officer Quarters
Selects StuG Assault Group
StuG Assault Group
Construct Panzer Kompanie
Selects UNKNOWN (2160084)
Selects Spotting Scopes
Pioneer Squad
Selects Wespe Self-propelled Artillery
Panzer IV Medium Tank
Pioneer Squad
Grenadier Squad
HORUS
Polka_Pete
0
0
Comments
sign in to comment!
No comments posted yet!